[Event "*** Titled Tuesday Blitz"]
[Site "Chess.com"]
[Date "2020.10.27"]
[Round "5"]
[White "Yoshikrov"]
[Black "MashaFromRussia"]
[Result "0-1"]
[WhiteElo "2132"]
[BlackElo "2383"]
[TimeControl "180+1"]
[EndTime "10:55:19 PDT"]
[Termination "MashaFromRussia won on time"]

1. e4 c5 2. Nf3 Nc6 3. d4 cxd4 4. Nxd4 Nf6 5. Nc3 e5 6. Ndb5 d6 7. Bg5 a6 8. Na3 b5 9. Bxf6 gxf6 10. Nd5 f5 11. Bd3 Be6 12. c3 Bg7 13. Nc2 O-O 14.
O-O fxe4 15. Bxe4 f5 16. Nf6+ Rxf6 17. Bxc6 Ra7 18. Bd5 Qe8 19. Nb4 Bh6 20. Bxe6+ Rxe6 21. Nd5 Rg7 22. a4 Reg6 23. g3 f4 24. axb5 axb5 25. Qb3 Kh8 26. Ra5 Qe6 27. Rfa1 Rg8 28. Ra8 f3 29.
Rxg8+ Rxg8 30. Qxb5 e4 0-1

[Event "*** Titled Tuesday Blitz"]
[Site "Chess.com"]
[Date "2020.10.27"]
[Round "5"]
[White "Chamal_Gedgafov"]
[Black "Kotofeyca"]
[Result "0-1"]
[WhiteElo "2159"]
[BlackElo "2354"]
[TimeControl "180+1"]
[EndTime "10:55:23 PDT"]
[Termination "Kotofeyca won by resignation"]

1. d4 d5 2. c4 c6 3. Nc3 Nf6 4. Nf3 dxc4 5. e4 b5 6. e5 Nd5 7.
a4 e6 8. axb5 Nxc3 9. bxc3 cxb5 10. Ng5 Bb7 11. Qh5 g6 12. Qg4 Bd5 13. Be2 Nc6 14.
Bf3 Be7 15. h4 h5 16. Qf4 Bxg5 17. hxg5 a5 18. Bd2 Bxf3 19. Qxf3 Qd5 20. Qh3 b4 21. Qe3 Qxg2 22. O-O-O Qd5 23. f4 b3 24. Kb2 a4 25. Ra1 Kd7 26. f5 exf5 27. Rhe1 Ke6 28. Ra3 Ra6 29. Rea1 Rha8 30. Kb1 Qe4+ 31. Qxe4 fxe4 32.
Kb2 Ra5 33. Rf1 R8a6 34. Rf4 Na7 35. Rf6+ Ke7 36. Rxa6 Rxa6 37. Ra1 Nb5 38. d5 a3+ 39.
Kb1 h4 40. Be1 h3 41. Bg3 Nxc3+ 42. Kc1 b2+ 0-1

[Event "*** Titled Tuesday Blitz"]
[Site "Chess.com"]
[Date "2020.10.27"]
[Round "5"]
[White "mapleaff"]
[Black "ChessQueen"]
[Result "0-1"]
[WhiteElo "2403"]
[BlackElo "2734"]
[TimeControl "180+1"]
[EndTime "10:55:26 PDT"]
[Termination "ChessQueen won on time"]

1. d4 Nf6 2. Nf3 e6 3. c4 c5 4. g3 cxd4 5. Nxd4 d5 6. Bg2 e5 7. Nb3 d4 8. O-O Nc6 9. e3 Bg4 10. f3 Be6 11. exd4 exd4 12. Na3 Bxa3 13. bxa3 O-O 14. Nd2 Ne5 15. Qb3 Qc7 16. f4 Nxc4 17. Qxb7 Qxb7 18. Bxb7 Rab8 19. f5 Rxb7 20. fxe6 fxe6 21.
Nxc4 Rc7 22. Ne5 Rc5 23. Bf4 Rd8 24. Nd3 Ra5 25. Be5 Rxa3 26. Nc5 Kf7 27. Rae1 Rd5 28. Nxe6 d3 29. Ng5+ Kg6 30. Nf3 d2 31. Rd1 Ne4 32.
Bb2 Rxa2 33. Nh4+ Kh6 34. Rb1 Rxb2 35. Rxb2 d1=Q 36. Rxd1 Rxd1+ 37. Kg2 Rd2+ 38. Rxd2 Nxd2 39. Kf2 g6 40. Ke3 Nf1+ 41. Ke2 Nxh2 42. Ng2 Kg5 43. Ne3 a5 44. Nc4 a4 45. Kf2 Ng4+ 46. Kf3 h5 0-1

[Event "*** Titled Tuesday Blitz"]
[Site "Chess.com"]
[Date "2020.10.27"]
[Round "5"]
[White "akanga001"]
[Black "oogee"]
[Result "0-1"]
[WhiteElo "1886"]
[BlackElo "2183"]
[TimeControl "180+1"]
[EndTime "10:55:29 PDT"]
[Termination "oogee won by checkmate"]

1. d4 Nf6 2. Nf3 g6 3. c4 Bg7 4. Nc3 O-O 5. e4 d6 6. Be2 e5 7. O-O Nc6 8. Be3 Ng4 9. Bg5 f6 10. Bc1 Nh6 11. d5 Ne7 12. b4 Nf7 13. c5 h6 14.
cxd6 cxd6 15. Be3 Bd7 16. Rc1 f5 17. g3 f4 18. gxf4 exf4 19. Bxf4 Bh3 20. Re1 g5 21.
Be3 g4 22. Nd4 Ng6 23. Ne6 Qh4 24. Bf1 Be5 25. f4 gxf3 26. Bf2 Qh5 27. Re3 Bxh2+ 28. Kxh2 Bg2+ 29. Kg3 Qh3# 0-1

[Event "*** Titled Tuesday Blitz"]
[Site "Chess.com"]
[Date "2020.10.27"]
[Round "5"]
[White "WuinaterJr"]
[Black "oskariot"]
[Result "0-1"]
[WhiteElo "2512"]
[BlackElo "2723"]
[TimeControl "180+1"]
[EndTime "10:55:30 PDT"]
[Termination "oskariot won by resignation"]

1. d4 Nf6 2. c4 c5 3. d5 b5 4.
cxb5 a6 5. bxa6 Bxa6 6. Nc3 g6 7.
Nf3 d6 8. e4 Bxf1 9. Kxf1 Qc8 10. Qe2 Bg7 11. h3 O-O 12. g3 Nbd7 13. Kg2 Qa6 14.
Qxa6 Rxa6 15. Be3 Rb8 16. Rab1 Ne8 17. Rhc1 Nc7 18. a4 Nb6 19. b3 Bxc3 20. Rxc3 Nxa4 21. Rc2 Rab6 22. Nd2 Rb4 23. Ra1 Nb6 24. Ra7 Nb5 25. Rxe7 Kg7 26. h4 h6 27. Rxc5 dxc5 28. Bxc5 Rd4 29.
Bxd4+ Nxd4 30. f4 Nb5 31. Nc4 Kf8 32. d6 Nxd6 33. Rc7 Nbxc4 34. bxc4 Nxe4 35. Kf3 f5 36. Rh7 Rb3+ 37. Ke2 Rxg3 38. Rxh6 Kg7 0-1

[Event "*** Titled Tuesday Blitz"]
[Site "Chess.com"]
[Date "2020.10.27"]
[Round "5"]
[White "Margency"]
[Black "Skat2704"]
[Result "1-0"]
[WhiteElo "2667"]
[BlackElo "2439"]
[TimeControl "180+1"]
[EndTime "10:55:30 PDT"]
[Termination "Margency won by resignation"]

1. e4 c6 2. d4 d5 3. exd5 cxd5 4.
c4 e6 5. Nc3 Nf6 6. Bg5 Be7 7.
Nf3 O-O 8. c5 b6 9. b4 Bb7 10.
Bd3 Ne4 11. Bxe7 Qxe7 12. Rc1 a5 13. a3 axb4 14. axb4 bxc5 15. bxc5 Nc6 16. Nxe4 dxe4 17. Bxe4 Rfd8 18. O-O f5 19. Bxc6 Bxc6 20. Ne5 Bb5 21.
Re1 Rd5 22. Qb3 Ba4 23. Qc3 Rad8 24. c6 Qc7 25. Qc4 Bb5 26. Qb3 R8d6 27. h4 h6 28.
Rc3 Kh7 29. h5 Rd8 30. Rb1 R8d6 31. Qc2 Rd8 32. Rc5 Bxc6 33. Rxc6 1-0

[Event "*** Titled Tuesday Blitz"]
[Site "Chess.com"]
[Date "2020.10.27"]
[Round "5"]
[White "Sergienko_Sergey"]
[Black "Evachess2006"]
[Result "1-0"]
[WhiteElo "2337"]
[BlackElo "1622"]
[TimeControl "180+1"]
[EndTime "10:55:30 PDT"]
[Termination "Sergienko_Sergey won by resignation"]

1. e4 e5 2. Nf3 Nc6 3. Bb5 a6 4. Ba4 Nf6 5. Bxc6 dxc6 6. d3 Bc5 7. h3 Qe7 8. Nbd2 O-O 9. Nc4 Bd6 10. O-O Be6 11.
Ne3 Rfe8 12. b3 Rad8 13. Bb2 Bc5 14. Nxe5 Nxe4 15. Qe2 Nf6 16. Qf3 Bd5 17. Nxd5 cxd5 18.
Rfe1 Qd6 19. Re2 d4 20. Rae1 Qd5 21. Qxd5 Nxd5 22. a3 f6 23. Nf3 Rxe2 24. Rxe2 Nf4 25. Re4 g5 26. g3 Nxh3+ 27. Kg2 g4 28. Rxg4+ Ng5 29. Nxg5 fxg5 30. Rxg5+ Kf7 31. Rxc5 1-0

[Event "*** Titled Tuesday Blitz"]
[Site "Chess.com"]
[Date "2020.10.27"]
[Round "5"]
[White "GMBenjaminBok"]
[Black "Dedic8"]
[Result "1-0"]
[WhiteElo "2945"]
[BlackElo "2797"]
[TimeControl "180+1"]
[EndTime "10:55:31 PDT"]
[Termination "GMBenjaminBok won by resignation"]

1. d4 Nf6 2. c4 g6 3. Nc3 d5 4.
cxd5 Nxd5 5. e4 Nxc3 6. bxc3 Bg7 7. Nf3 c5 8. Be3 Qa5 9. Qd2 O-O 10. Rc1 Bg4 11. d5 b5 12. Be2 Nd7 13. O-O Bxf3 14.
Bxf3 c4 15. h4 Rac8 16. h5 Ne5 17. Be2 Nd3 18. Bxd3 cxd3 19. Qxd3 Bxc3 20. Bxa7 Rc4 21. Be3 Rfc8 22. Rc2 b4 23. h6 Qc7 24. Rfc1 Qe5 25. Bd2 Rxe4 26. Qa6 Rec4 27. a3 Qxd5 28. axb4 R8c6 29.
Qa8+ 1-0

[Event "*** Titled Tuesday Blitz"]
[Site "Chess.com"]
[Date "2020.10.27"]
[Round "5"]
[White "Zhuu96"]
[Black "Meri-Arabidze"]
[Result "1-0"]
[WhiteElo "2884"]
[BlackElo "2677"]
[TimeControl "180+1"]
[EndTime "10:55:31 PDT"]
[Termination "Zhuu96 won by resignation"]

1. d4 f5 2. g3 Nf6 3. Bg2 e6 4. Nd2 d5 5. b3 Bd6 6. Bb2 O-O 7. Ngf3 Qe7 8. c4 c6 9. O-O a5 10. Ne5 Na6 11. Ndf3 Ne4 12. a3 Bd7 13. Qe1 b6 14. Qc1 Rfc8 15. Rd1 Be8 16. Qe3 Bh5 17. Nd3 a4 18. cxd5 cxd5 19. bxa4 Be8 20. Nfe5 Bxa4 21. Rdc1 Be8 22. f3 Nf6 23. Nf4 Nc7 24. h4 Nb5 25. Rxc8 Rxc8 26. a4 Na7 27. a5 bxa5 28. Rxa5 Nc6 29.
Nxc6 Bxc6 30. Bh3 Bd7 31. Ba3 Bxa3 32. Qxa3 Qxa3 33. Rxa3 Kf7 34. Nd3 Ke7 35. Ra7 Rc4 36. Ne5 Rc2 37. g4 fxg4 38. fxg4 Kd6 39. g5 Bb5 40.
gxf6 gxf6 41. Nf7+ Kc6 42. Bxe6 Bxe2 43. Nd8+ Kb6 44. Rb7+ Ka6 45. Bxd5 Bd3 46. Ne6 Rc1+ 47. Kf2 Bc4 48. Nc5+ Ka5 49. Bxc4 Rxc4 50. Rxh7 Rxd4 51. Nb3+ 1-0

[Event "*** Titled Tuesday Blitz"]
[Site "Chess.com"]
[Date "2020.10.27"]
[Round "5"]
[White "TheChessChannel"]
[Black "malakismayil"]
[Result "1-0"]
[WhiteElo "2443"]
[BlackElo "2270"]
[TimeControl "180+1"]
[EndTime "10:55:31 PDT"]
[Termination "TheChessChannel won by resignation"]

1. c4 e5 2. g3 Nf6 3. Bg2 d5 4. cxd5 Nxd5 5. Nf3 Nc6 6. O-O Bc5 7. d3 O-O 8. Nc3 Nxc3 9. bxc3 Bg4 10. Rb1 Bb6 11.
Ba3 Re8 12. c4 Rb8 13. Qa4 e4 14. dxe4 Rxe4 15. Nh4 Rxe2 16. c5 Rxa2 17. cxb6 axb6 18. Qxg4 Rxa3 19. Rbd1 Qf6 20. Rd7 Ne5 21. Qb4 Nxd7 22. Qxa3 Nc5 23. Qe3 h6 24. Re1 Kf8 25. Bf1 Rd8 26. Bb5 c6 27. Bc4 Nd7 28. Nf3 b5 29. Bb3 Qd6 30. Rd1 Qe7 31. Qd3 Ke8 32. Re1 1-0

[Event "*** Titled Tuesday Blitz"]
[Site "Chess.com"]
[Date "2020.10.27"]
[Round "5"]
[White "sjam6687"]
[Black "TST2014"]
[Result "1-0"]
[WhiteElo "2695"]
[BlackElo "2494"]
[TimeControl "180+1"]
[EndTime "10:55:32 PDT"]
[Termination "sjam6687 won by checkmate"]

1. d4 Nf6 2. c4 c5 3. d5 b5 4. cxb5 a6 5. b6 d6 6. Nc3 Nbd7 7. e4 g6 8. Nf3 Bg7 9. a4 a5 10. Be2 O-O 11. O-O Ba6 12. Qc2 Bxe2 13. Qxe2 Qxb6 14.
Bf4 Ng4 15. Nb5 Nge5 16. Bxe5 Nxe5 17. Nxe5 Bxe5 18. f4 Bg7 19. Kh1 Rac8 20. h4 c4 21. Rac1 Qc5 22. f5 Qb4 23. Na7 Rc7 24. Nc6 Qxa4 25.
Rxc4 Qb5 26. g4 Rfc8 27. Nxe7+ Kh8 28. Nxc8 Qxc4 29. Qxc4 Rxc4 30. Nxd6 Rc2 31. Nxf7+ Kg8 32. f6 Kxf7 33. fxg7+ Kxg7 34. e5 Rxb2 35. e6 Re2 36.
Rf7+ Kg8 37. Rd7 a4 38. e7 Kf7 39. d6 a3 40. Rd8 a2 41. Rf8+ Kg7 42. Rf1 Rf2 43.
Ra1 Rb2 44. e8=Q Rb1+ 45. Qe1 Rxa1 46. Qxa1+ Kh6 47. d7 g5 48. Qf6# 1-0

[Event "*** Titled Tuesday Blitz"]
[Site "Chess.com"]
[Date "2020.10.27"]
[Round "5"]
[White "Keures"]
[Black "PowerThinking2650"]
[Result "0-1"]
[WhiteElo "2227"]
[BlackElo "2391"]
[TimeControl "180+1"]
[EndTime "10:55:32 PDT"]
[Termination "PowerThinking2650 won by resignation"]

1. d4 Nf6 2. c4 g6 3. Nc3 Bg7 4.
e4 d6 5. Nf3 O-O 6. h3 e5 7. d5 a5 8. g4 Na6 9. Be3 c6 10. Be2 Nc5 11. Nd2 Nfd7 12. g5 a4 13. h4 Qa5 14. Qc2 Nb6 15. O-O-O cxd5 16. cxd5 Bd7 17. Kb1 Rfc8 18. Rc1 Na6 19. Qd1 a3 20. Qb3 axb2 21. Kxb2 Rxc3 22. Rxc3 Na4+ 23. Kc2 Nxc3 24. Qxc3 Rc8 25. Nc4 Qxc3+ 26. Kxc3 b5 27. Rb1 f5 28. f3 fxe4 29. fxe4 bxc4 30. Rb6 Nc5 31. Bxc5 dxc5 32. Rb7 Bh3 33. Bxc4 Bf8 34. Rd7 Bxd7 0-1

[Event "*** Titled Tuesday Blitz"]
[Site "Chess.com"]
[Date "2020.10.27"]
[Round "5"]
[White "Gabix_94"]
[Black "Ajedrez_con_German"]
[Result "0-1"]
[WhiteElo "2774"]
[BlackElo "2552"]
[TimeControl "180+1"]
[EndTime "10:55:33 PDT"]
[Termination "Ajedrez_con_German won by resignation"]

1. c4 c5 2. Nc3 g6 3. Nf3 Bg7 4. g3 Nc6 5. Bg2 Nh6 6. O-O O-O 7. a3 d6 8. d3 Nf5 9. Bd2 Rb8 10. b4 a6 11. b5 Ncd4 12. Rb1 axb5 13. Nxb5 Nxb5 14. Rxb5 Bd7 15. Rb1 Bc6 16. Ne1 Nd4 17. e3 Bxg2 18.
Kxg2 Nc6 19. f4 d5 20. cxd5 Qxd5+ 21. Qf3 Qd7 22. Rf2 b5 23. Rc1 Qd6 24. h4 Bb2 25. Rb1 Bxa3 26. h5 Bb4 27. hxg6 hxg6 28. Nc2 Qxd3 29.
Nxb4 Nxb4 30. Rh1 Qd5 31. e4 Qd3 32. Bxb4 Qxf3+ 33. Kxf3 cxb4 34. Rb1 Rfc8 35. Rxb4 Rc3+ 36. Kg4 Rc4 37. Rfb2 Rxb4 38. Rxb4 f6 39. Kf3 Kf7 40. Ke3 Ke6 41. Kd4 Kd6 42. Rb1 e5+ 43. Ke3 b4 44. Kd3 b3 45. Rb2 Kc5 46. Kc3 Rb4 47. f5 g5 48. Rd2 b2 49. Rd5+ Kc6 50. Kxb4 b1=Q+ 51. Kc3 Qxe4 0-1

[Event "*** Titled Tuesday Blitz"]
[Site "Chess.com"]
[Date "2020.10.27"]
[Round "5"]
[White "BigAl"]
[Black "Ginger_GM"]
[Result "0-1"]
[WhiteElo "2470"]
[BlackElo "2577"]
[TimeControl "180+1"]
[EndTime "10:55:33 PDT"]
[Termination "Ginger_GM won by resignation"]

1. g3 f5 2. Bg2 Nf6 3. d4 e6 4. Nh3 Be7 5. Nc3 d6 6. O-O O-O 7. e4 e5 8. dxe5 dxe5 9. Qe2 Nc6 10. Qc4+ Kh8 11. Rd1 Qe8 12. Nb5 Qh5 13. Bg5 fxe4 14.
Bxf6 Bxf6 15. Nxc7 Bxh3 16. Bxh3 Qxh3 17. Nxa8 Rxa8 18. Qxe4 Rf8 19. c3 Be7 20. Rd5 a5 21.
Rad1 Qe6 22. a4 g6 23. R1d2 b6 24. f4 Qh3 25. Re2 exf4 26. gxf4 Qg4+ 27. Rg2 Qxf4 28. Qxf4 Rxf4 29. Re2 Bc5+ 30. Kg2 Rf7 31. Re6 Ne7 32.
Kg3 Nxd5 0-1

[Event "*** Titled Tuesday Blitz"]
[Site "Chess.com"]
[Date "2020.10.27"]
[Round "5"]
[White "barbara25"]
[Black "PLAYER_2006_M"]
[Result "0-1"]
[WhiteElo "2269"]
[BlackElo "2518"]
[TimeControl "180+1"]
[EndTime "10:55:33 PDT"]
[Termination "PLAYER_2006_M won by resignation"]

1. e4 e5 2. Nf3 Nc6 3. d4 exd4 4. Nxd4 Nf6 5. Nxc6 bxc6 6. Bd3 d6 7. O-O g6 8. f4 Bg7 9. Nc3 O-O 10. f5 Nd7 11.
Bf4 Ne5 12. Bxe5 Bxe5 13. Qf3 Rb8 14. Rab1 Kg7 15. Na4 Bd7 16. b3 Qf6 17. Qe2 g5 18.
c4 c5 19. Nb2 Bd4+ 20. Kh1 Rfe8 21. Nd1 h6 22. Ne3 Bxe3 23. Qxe3 Kh7 24. Qf3 Re5 25. Qh5 a5 26. Rf3 Bc6 27. Re1 Bxe4 28. Bxe4 Rxe4 29. Rff1 Rbe8 30. Rxe4 Rxe4 31. Qf3 Qe5 32. h3 c6 33. Qd1 d5 34. cxd5 cxd5 35. Qd2 Re2 36. Qxa5 d4 37. Qa7 Qd5 38. Rg1 d3 39. Qa6 Rxg2 40.
Rxg2 d2 41. Kh2 d1=Q 0-1

[Event "*** Titled Tuesday Blitz"]
[Site "Chess.com"]
[Date "2020.10.27"]
[Round "5"]
[White "sara_khm"]
[Black "Bastiandash"]
[Result "1-0"]
[WhiteElo "2579"]
[BlackElo "2332"]
[TimeControl "180+1"]
[EndTime "10:55:33 PDT"]
[Termination "sara_khm won on time"]

1. d4 Nf6 2. Nf3 e6 3. e3 c5 4. Bd3 b6 5. O-O Bb7 6. b3 Ke7 7.
dxc5 bxc5 8. c4 d6 9. Bb2 g6 10. e4 e5 11. Nc3 Bg7 12. Bc1 Re8 13. Bg5 Kf8 14. Qd2 Kg8 15. Ne1 Qa5 16. Nc2 Nc6 17. Ne3 Nd4 18. Rad1 h6 19. Bh4 Bc6 20. f3 Rab8 21. Bxf6 Bxf6 22. Ncd5 Qd8 23. Nxf6+ Qxf6 24. Ng4 Qg7 25. Nxh6+ Kh7 26. Ng4 f5 27. exf5 gxf5 28. Ne3 e4 29. fxe4 fxe4 30. Bb1 Kh8 31. Kh1 Rf8 32.
Nd5 Bxd5 33. cxd5 Rxf1+ 34. Rxf1 Rf8 35. Re1 Qg4 36. h3 Qh5 37. Bxe4 1-0

[Event "*** Titled Tuesday Blitz"]
[Site "Chess.com"]
[Date "2020.10.27"]
[Round "5"]
[White "albi1999"]
[Black "Zkid"]
[Result "0-1"]
[WhiteElo "2615"]
[BlackElo "2813"]
[TimeControl "180+1"]
[EndTime "10:55:34 PDT"]
[Termination "Zkid won by resignation"]

1. d4 d5 2. c4 dxc4 3. Nf3 Nf6 4.
e3 e6 5. Bxc4 c5 6. O-O a6 7.
Nc3 b5 8. Be2 Bb7 9. dxc5 Qxd1 10. Rxd1 Bxc5 11. Nd2 Nc6 12. Nb3 Be7 13. Bf3 O-O 14.
Bd2 Rab8 15. Rac1 Ne5 16. Bxb7 Rxb7 17. Na5 Rd7 18. Be1 Nd3 19. Rb1 Rc8 20. Nb3 b4 21.
Ne2 e5 22. Kf1 e4 23. Ned4 Ng4 24. h3 Nge5 25. Ke2 Nc4 26. Nd2 Ncxb2 27. Nxe4 Nxd1 28. Kxd3 Nc3 29. Nxc3 bxc3 30. Bxc3 Rdc7 31. Rb3 Bf6 32. a4 h5 33. g4 h4 34. f4 Rc4 35. a5 Ra4 36. g5 Bd8 37. Nf5 g6 38. Nh6+ Kf8 39. Rb7 Ra3 40. Rxf7+ Ke8 0-1

[Event "*** Titled Tuesday Blitz"]
[Site "Chess.com"]
[Date "2020.10.27"]
[Round "5"]
[White "anon102030"]
[Black "MattyDPerrine"]
[Result "1-0"]
[WhiteElo "2756"]
[BlackElo "2482"]
[TimeControl "180+1"]
[EndTime "10:55:36 PDT"]
[Termination "anon102030 won on time"]

1. e4 c5 2. Nc3 e6 3. g3 d5 4. exd5 exd5 5. d4 cxd4 6. Qxd4 Nf6 7. Bg2 Nc6 8. Qa4 Be7 9. Nge2 O-O 10. Bg5 Be6 11. O-O-O Qb6 12. Be3 Bc5 13. Bxc5 Qxc5 14. Nf4 Qxf2 15. Ncxd5 Nxd5 16. Bxd5 Bxd5 17. Nxd5 Rac8 18.
Rd2 Qc5 19. Rhd1 b5 20. Qf4 h6 21. Qg4 Kh8 22. Qf4 Kg8 23. a3 a5 24. Ne3 Qe5 25.
Nf5 Qxf4 26. gxf4 Kh7 27. Rd7 Rcd8 28. Rc7 Rxd1+ 29. Kxd1 Kg6 30. Nxh6 Nd4 31. Ng4 Kf5 32. Ne5 1-0

[Event "*** Titled Tuesday Blitz"]
[Site "Chess.com"]
[Date "2020.10.27"]
[Round "5"]
[White "swimmerchess"]
[Black "blitzking1729"]
[Result "1-0"]
[WhiteElo "2804"]
[BlackElo "2563"]
[TimeControl "180+1"]
[EndTime "10:55:36 PDT"]
[Termination "swimmerchess won by resignation"]

1. e4 Nf6 2. e5 Nd5 3. d4 d6 4. c4 Nb6 5. f4 c5 6. d5 dxe5 7. fxe5 e6 8. Nc3 N8d7 9. Nf3 Be7 10. d6 Bf8 11. Nb5 f6 12. Nc7+ Kf7 13. Nxa8 Nxa8 14. Bd3 h6 15. O-O f5 16. Bxf5 exf5 17. Qd5+ Kg6 18. e6 Nab6 19. Nh4+ Kh7 20. Qxf5+ Kg8 21. Qf7+ Kh7 22. Qg6+ Kg8 23. e7 Bxe7 24. Qf7+ Kh7 25. dxe7 Qe8 26. Qf5+ Kg8 27. Ng6 Nf6 28. Qd3 Rh7 29. Be3 Be6 30. Bxc5 Bxc4 31. Qd8 Kf7 32. Ne5+ Ke6 33. Rxf6+ 1-0

[Event "*** Titled Tuesday Blitz"]
[Site "Chess.com"]
[Date "2020.10.27"]
[Round "5"]
[White "Klavdia_Nik"]
[Black "GM_LOADING"]
[Result "0-1"]
[WhiteElo "2068"]
[BlackElo "2449"]
[TimeControl "180+1"]
[EndTime "10:55:36 PDT"]
[Termination "GM_LOADING won on time"]

1. Nf3 Nf6 2. c4 e6 3. b3 b6 4. g3 Bb7 5. Bg2 Be7 6. Bb2 O-O 7. O-O d5 8. d3 Nbd7 9. Nbd2 a5 10. Bc3 Bb4 11. Qc2 Qe7 12. h3 Rfd8 13. Qb2 Bxc3 14.
Qxc3 c5 15. cxd5 exd5 16. d4 Qxe2 17. Rfe1 Qb5 18. Ne5 cxd4 19. Qxd4 Qc5 20. Ndf3 Ne4 21. Nxd7 Qxd4 22. Nxd4 Rxd7 23. Rac1 g6 24. g4 a4 25.
b4 a3 26. Bf1 Ba6 27. b5 Bb7 28.
Re3 Ra4 29. Nc6 Kg7 30. Kg2 Nd6 31. Rb3 d4 32. Rd1 d3 33. f3 Nxb5 34. Nb4 Nd4 35. Rbxd3 Rxb4 0-1

[Event "*** Titled Tuesday Blitz"]
[Site "Chess.com"]
[Date "2020.10.27"]
[Round "5"]
[White "Quattroporte300"]
[Black "WonderChampion"]
[Result "1-0"]
[WhiteElo "2243"]
[BlackElo "2027"]
[TimeControl "180+1"]
[EndTime "10:55:36 PDT"]
[Termination "Quattroporte300 won by resignation"]

1. d4 d5 2. c4 Nf6 3. cxd5 Nxd5 4. Nf3 g6 5. Nc3 Bg7 6. e4 Nxc3 7. bxc3 O-O 8. Be3 b6 9. Bd3 Bb7 10. O-O Nd7 11.
Qe2 e5 12. d5 c6 13. c4 c5 14. g3 Rc8 15. Nd2 f5 16. f3 f4 17. Bf2 Qf6 18.
a4 a5 19. Rab1 Ba6 20. Rb3 Rb8 21. Be1 Qd6 22. Nb1 Nf6 23. Nc3 Nh5 24. Nb5 Bxb5 25.
Rxb5 fxg3 26. hxg3 Bf6 27. Kg2 Bd8 28. Bc3 Bh4 29. Be1 Qf6 30. f4 exf4 31. gxh4 Qd4 32.
Rf3 Rbe8 33. Qb2 Qxb2+ 34. Rxb2 Nf6 35. Rxf4 Nd7 36. Rxf8+ Rxf8 37. Bg3 Ne5 38. Bxe5 1-0

[Event "*** Titled Tuesday Blitz"]
[Site "Chess.com"]
[Date "2020.10.27"]
[Round "5"]
[White "nitpicker"]
[Black "TotsukaBlade"]
[Result "0-1"]
[WhiteElo "2263"]
[BlackElo "2430"]
[TimeControl "180+1"]
[EndTime "10:55:37 PDT"]
[Termination "TotsukaBlade won by resignation"]

1. d4 d5 2. c4 dxc4 3. e4 Nf6 4. e5 Nd5 5. Bxc4 Nc6 6. Ne2 e6 7. Nbc3 Nb6 8. Bd3 Be7 9. Be3 Nb4 10. Be4 N4d5 11. O-O O-O 12. Qd3 h6 13. Rad1 Bd7 14.
f4 Bc6 15. Bc1 Qd7 16. Qg3 Kh8 17. f5 Nxc3 18. Nxc3 Bxe4 19. Nxe4 exf5 20. Qh3 fxe4 21. Qh5 Qe6 22. Rf5 Nd5 23. Rdf1 Qg6 24. Qh3 c5 25. Rh5 e3 26. Rhf5 cxd4 27. R5f3 Bg5 28.
Qd7 Nf4 29. g3 Ne2+ 30. Kh1 Nxc1 31. Rxc1 Qe4 32. Qf5 Qxf5 33. Rxf5 e2 0-1

[Event "*** Titled Tuesday Blitz"]
[Site "Chess.com"]
[Date "2020.10.27"]
[Round "5"]
[White "WiktoriaPOL"]
[Black "TudorAnton"]
[Result "0-1"]
[WhiteElo "2078"]
[BlackElo "2493"]
[TimeControl "180+1"]
[EndTime "10:55:38 PDT"]
[Termination "TudorAnton won on time"]

1. c4 e5 2. Nc3 Nc6 3. Nf3 Nf6 4. e4 Bc5 5. Nxe5 Nxe5 6. d4 Bd6 7. c5 Bxc5 8. dxe5 Ng8 9. Qg4 Bf8 10. Bc4 d6 11. Qf3 Qd7 12. exd6 Bxd6 13. O-O Nf6 14. Re1 Be5 15. Bg5 h6 16. Rad1 hxg5 17. Rxd7 Bxd7 18.
g3 g4 19. Qe2 O-O-O 20. Bxf7 Rdf8 21. Bd5 c6 22. Bc4 Rh5 23. h4 gxh3 24. f4 h2+ 25. Kh1 Bg4 26. Qf2 Bxc3 27. bxc3 Ra5 28. Kxh2 Rh8+ 29.
Kg1 Rah5 30. Qg2 Nd7 31. Be2 Nf6 32. Bxg4+ Nxg4 33. Qf3 Nf6 34. Kf2 Rh2+ 35. Ke3 Re8 36. e5 Nd5+ 37. Kd4 Rd2+ 38. Kc4 b5+ 39. Kb3 a5 40.
Qg4+ Kc7 41. a4 bxa4+ 42. Kxa4 Nb6+ 43. Ka3 Nc4+ 44. Ka4 Rb8 45. Qxg7+ Rd7 46. Qf6 Nb6+ 47. Kxa5 Nd5 48. Ka4 Nxf6 49. exf6 Rd2 50. Ka3 Rd5 0-1

[Event "*** Titled Tuesday Blitz"]
[Site "Chess.com"]
[Date "2020.10.27"]
[Round "5"]
[White "RobPeresian"]
[Black "suyu28"]
[Result "1-0"]
[WhiteElo "2435"]
[BlackElo "2602"]
[TimeControl "180+1"]
[EndTime "10:55:39 PDT"]
[Termination "RobPeresian won on time"]

1. Nf3 c5 2. c4 Nc6 3. Nc3 g6 4. e3 Bg7 5. d4 cxd4 6. exd4 d6 7. d5 Ne5 8. Be3 Bg4 9. Be2 Nxf3+ 10.
Bxf3 Bxf3 11. Qxf3 Bxc3+ 12. bxc3 Nf6 13. Bd4 O-O 14.
h4 h5 15. Rh3 Rc8 16. Rg3 Ng4 17. Qf4 Rxc4 18. f3 e5 19. dxe6 Ne5 20. exf7+ Rxf7 21. Qh6 Rg7 22. O-O-O Qe8 23. Qg5 Rc6 24. Qf6 Rcc7 25. f4 Rcf7 26. fxe5 1-0

[Event "*** Titled Tuesday Blitz"]
[Site "Chess.com"]
[Date "2020.10.27"]
[Round "5"]
[White "Sychev_Klementy"]
[Black "Shahinyan_ChessMood"]
[Result "1-0"]
[WhiteElo "2871"]
[BlackElo "2770"]
[TimeControl "180+1"]
[EndTime "10:55:40 PDT"]
[Termination "Sychev_Klementy won by resignation"]

1. e4 d6 2. d4 Nf6 3. Nc3 e5 4. Nf3 Nbd7 5. Rg1 g6 6. g4 Bg7 7. g5 Nh5 8. Be3 O-O 9. Qd2 c6 10. O-O-O Qc7 11. a3 b5 12. d5 Bb7 13. dxc6 Bxc6 14.
Qxd6 Qb7 15. Nd5 Rfe8 16. Nb4 Re6 17. Qd2 Nb6 18. Bxb6 Qxb6 19. Bh3 Bxe4 20. Bxe6 Bxf3 21. Bd5 Bxd5 22. Nxd5 Qb7 23. Qa5 Rc8 24. Rd2 h6 25. h4 hxg5 26. hxg5 Kh7 27. Qb4 Rd8 28. Qe4 Qb8 29. Rh1 Kg8 30. Ne7+ Kf8 31. Nc6 1-0

[Event "*** Titled Tuesday Blitz"]
[Site "Chess.com"]
[Date "2020.10.27"]
[Round "5"]
[White "Kobalia"]
[Black "maximnovik"]
[Result "0-1"]
[WhiteElo "2739"]
[BlackElo "2522"]
[TimeControl "180+1"]
[EndTime "10:55:40 PDT"]
[Termination "maximnovik won by resignation"]

1. d4 Nf6 2. Nf3 g6 3. Bg5 Bg7 4. Nbd2 O-O 5. e4 d5 6. e5 Ne4 7.
Be3 c5 8. c3 cxd4 9. cxd4 Nc6 10. Be2 f6 11. exf6 exf6 12. O-O f5 13. Bf4 Nxd4 14. Nxd4 Bxd4 15. Nxe4 dxe4 16. Qb3+ Kg7 17. Rad1 Qb6 18. Qg3 Bf6 19. Rd6 Qxb2 20. Bc4 Qc3 21. Rc1 Qxg3 22. hxg3 Rd8 23. Bb3 Rxd6 24. Bxd6 Bd8 25.
Be5+ Kh6 26. Bd5 a5 27. Kf1 a4 28. f4 exf3 29. gxf3 Ra5 30. Kf2 Rxd5 31. Rh1+ Kg5 32. Rh4 h5 0-1

[Event "*** Titled Tuesday Blitz"]
[Site "Chess.com"]
[Date "2020.10.27"]
[Round "5"]
[White "nochewycandy"]
[Black "ARTHURMOTIVATOR"]
[Result "1/2-1/2"]
[WhiteElo "2552"]
[BlackElo "2371"]
[TimeControl "180+1"]
[EndTime "10:55:40 PDT"]
[Termination "Game drawn by repetition"]

1. e4 c6 2. Nc3 d5 3. Nf3 dxe4 4. Nxe4 Nf6 5. Nc3 Bf5 6. d4 e6 7. h3 Bd6 8. Bd3 Bxd3 9. Qxd3 Nbd7 10. Bg5 h6 11.
Bxf6 Nxf6 12. O-O Qc7 13. Ne4 Nxe4 14. Qxe4 O-O 15. c4 c5 16. Rac1 cxd4 17. Nxd4 a6 18. c5 Bf4 19. Rc3 Rac8 20. b4 Rfe8 21. a4 Qe5 22.
Re1 Qxe4 23. Rxe4 Bg5 24. c6 Bf6 25. b5 axb5 26. axb5 bxc6 27. Rxc6 Bxd4 28. Rxd4 Rxc6 29. bxc6 Rc8 30. Rc4 Kf8 31. f4 Ke7 32. Ra4 Rc7 33.
Ra6 Kd6 34. Kf2 Rxc6 35. Ra7 Rc7 36. Ra6+ Rc6 37. Ra7 Rc7 38. Ra6+ Ke7 39. Kf3 Kf6 40. Ra5 g5 41. fxg5+ hxg5 42. g3 Kg6 43. g4 f5 44.
Ra8 Kf6 45. Rf8+ Ke5 46. gxf5 exf5 47. Re8+ Kf6 48. Kg3 Rc3+ 49. Kg2 Rc2+ 50. Kg3 f4+ 51. Kf3 Rc3+ 52. Kg2 Rg3+ 53. Kh2 Re3 54. Rf8+ Ke5 55. Re8+ Kf5 56. Rf8+ Ke4 57. Rg8 Kf3 58. Rxg5 Re2+ 59. Kg1 Re1+ 60. Kh2 Re2+ 61. Kg1 Re1+ 62. Kh2 Re2+ 1/2-1/2